2651 views
Uploaded 2020-02-01 15:02:27
Game version 1.32 / 1.32.1
22:00 long 3on3 ladder game on (6)ThunderLake_LV
Saved by BEARAND
2651 views
Uploaded 2020-02-01 15:02:27
Game version 1.32 / 1.32.1
22:00 long 3on3 ladder game on (6)ThunderLake_LV


159 units @ 22.2k
/ 3.9k
69 buildings @ 9.2k
/ 3.8k


| Scroll of Regeneration | 3 | 300 |
| Lesser Clarity Potion | 1 | 70 |
| Scroll of Town Portal | 1 | 350 |
| total: | 5 | 720g |
| Peasant | 9 | 675 | / | 0 |
| Footman | 5 | 675 | / | 0 |
| Rifleman | 10 | 2050 | / | 300 |
| Priest | 5 | 675 | / | 50 |
| Mortar Team | 7 | 1260 | / | 490 |
| Siege Engine | 3 | 585 | / | 180 |
| Centaur Outrunner | 1 | 195 | / | 0 |
| total: | 40 | 6115g | / | 1020w |
| Altar of Kings | 1 | 180 | / | 50 |
| Barracks | 1 | 160 | / | 60 |
| Farm | 10 | 800 | / | 200 |
| Arcane Vault | 1 | 130 | / | 30 |
| Blacksmith | 1 | 140 | / | 60 |
| Lumber Mill | 1 | 120 | / | 0 |
| Town Hall | 1 | 385 | / | 205 |
| Arcane Sanctum | 1 | 150 | / | 140 |
| Workshop | 3 | 420 | / | 420 |
| Keep | 1 | 320 | / | 210 |
| Castle | 1 | 360 | / | 210 |
| total: | 20 | 2485g | / | 1165w |
| 0:03 | Peasant |
| 0:03 | Peasant |
| 0:07 | Altar of Kings |
| 0:14 | Barracks |
| 0:22 | Farm |
| 0:34 | Peasant |
| 0:40 | Peasant |
| 0:52 | Farm |
| 1:04 | Peasant |
| 1:23 | Footman |
| 1:38 | Arcane Vault |
| 1:46 | Peasant |
| 2:01 | Farm |
| 2:05 | Footman |
| 2:13 | Storm Bolt |
| 2:25 | Footman |
| 2:35 | Blacksmith |
| 2:48 | Farm |
| 3:03 | Footman |
| 3:24 | Lumber Mill |
| 3:34 | Scroll of Regeneration |
| 3:34 | Lesser Clarity Potion |
| 3:43 | Footman |
| 4:12 | Keep |
| 4:34 | Rifleman |
| 4:47 | Rifleman |
| 4:59 | Bash |
| 5:03 | Centaur Outrunner |
| 5:22 | Rifleman |
| 6:08 | Rifleman |
| 6:14 | Scroll of Regeneration |
| 6:42 | Long Rifles |
| 6:47 | Storm Bolt |
| 7:02 | Arcane Sanctum |
| 7:30 | Scroll of Town Portal |
| 7:53 | Farm |
| 7:54 | Farm |
| 8:12 | Black Gunpowder |
| 8:17 | Holy Light |
| 8:58 | Castle |
| 9:01 | Rifleman |
| 9:04 | Priest Adept Training |
| 9:05 | Priest |
| 9:14 | Scroll of Regeneration |
| 9:36 | Rifleman |
| 9:44 | Farm |
| 10:02 | Studded Leather Armor |
| 10:30 | Rifleman |
| 10:33 | Farm |
| 10:39 | Divine Shield |
| 10:50 | Priest |
| 10:50 | Priest |
| 11:10 | Rifleman |
| 11:38 | Priest Master Training |
| 11:42 | Refined Gunpowder |
| 12:06 | Reinforced Leather Armor |
| 12:22 | Priest |
| 12:46 | Priest |
| 13:44 | Rifleman |
| 13:44 | Rifleman |
| 14:04 | Workshop |
| 14:05 | Workshop |
| 14:59 | Workshop |
| 15:19 | Fragmentation Shards |
| 15:22 | Mortar Team |
| 16:18 | Peasant |
| 16:18 | Peasant |
| 16:18 | Peasant |
| 16:26 | Town Hall |
| 16:47 | Siege Engine |
| 17:08 | Mortar Team |
| 17:17 | Farm |
| 17:23 | Farm |
| 18:01 | Siege Engine |
| 18:17 | Mortar Team |
| 18:47 | Siege Engine |
| 19:17 | Mortar Team |
| 19:37 | Barrage |
| 19:38 | Mortar Team |
| 19:54 | Mortar Team |
| 20:08 | Iron Plating |
| 21:00 | Mortar Team |
| Select group | 373 |
| Right click | 323 |
| Select | 212 |
| Build/train/purchase | 73 |
| Assign group | 26 |
| Use ability | 19 |
| Misc. action | 12 |
| Item give/drop | 1 |

| Wisp | 32 | 1920 | / | 0 |
| Archer | 5 | 650 | / | 50 |
| Huntress | 4 | 780 | / | 80 |
| Dryad | 13 | 1885 | / | 780 |
| Mountain Giant | 1 | 350 | / | 100 |
| Glaive Thrower | 3 | 630 | / | 195 |
| total: | 58 | 6215g | / | 1205w |
| Ancient Protector | 7 | 945 | / | 560 |
| Altar of Elders | 1 | 180 | / | 50 |
| Moon Well | 11 | 1980 | / | 440 |
| Ancient of War | 1 | 150 | / | 60 |
| Hunter's Hall | 1 | 210 | / | 100 |
| Tree of Life | 1 | 340 | / | 185 |
| Ancient of Wonders | 1 | 90 | / | 30 |
| Ancient of Lore | 2 | 310 | / | 290 |
| Tree of Ages | 1 | 320 | / | 180 |
| total: | 25 | 4205g | / | 1715w |
| 0:03 | Wisp |
| 0:03 | Wisp |
| 0:11 | Altar of Elders |
| 0:22 | Moon Well |
| 0:25 | Wisp |
| 0:40 | Wisp |
| 0:40 | Wisp |
| 0:46 | Ancient of War |
| 0:52 | Wisp |
| 0:52 | Wisp |
| 1:27 | Moon Well |
| 1:34 | Wisp |
| 1:36 | Wisp |
| 1:49 | Wisp |
| 1:58 | Moon Well |
| 2:20 | Hunter's Hall |
| 2:27 | Archer |
| 2:27 | Archer |
| 2:32 | Force of Nature |
| 2:46 | Archer |
| 2:47 | Archer |
| 3:00 | Archer |
| 3:37 | Tree of Ages |
| 4:10 | Huntress |
| 4:11 | Huntress |
| 4:25 | Entangling Roots |
| 4:31 | Moon Well |
| 4:34 | Moon Well |
| 4:50 | Ancient Protector |
| 5:03 | Huntress |
| 5:43 | Tree of Life |
| 6:04 | Moon Well |
| 6:12 | Ancient of Lore |
| 6:14 | Wisp |
| 6:14 | Wisp |
| 6:14 | Wisp |
| 6:28 | Wisp |
| 6:28 | Wisp |
| 6:41 | Ancient of Lore |
| 7:21 | Huntress |
| 7:47 | Dryad |
| 7:55 | Abolish Magic |
| 7:58 | Dryad |
| 8:11 | Wisp |
| 8:11 | Wisp |
| 8:11 | Wisp |
| 8:12 | Wisp |
| 8:12 | Wisp |
| 8:17 | Wisp |
| 8:30 | Ancient Protector |
| 8:34 | Wisp |
| 8:34 | Wisp |
| 8:46 | Ancient Protector |
| 8:51 | Wisp |
| 8:52 | Wisp |
| 9:14 | Thorns Aura |
| 9:21 | Dryad |
| 9:27 | Wisp |
| 9:50 | Wisp |
| 9:51 | Wisp |
| 10:02 | Dryad |
| 10:02 | Dryad |
| 10:18 | Ancient Protector |
| 10:21 | Wisp |
| 10:21 | Wisp |
| 10:27 | Moon Well |
| 10:55 | Ancient of Wonders |
| 11:01 | Dryad |
| 11:01 | Dryad |
| 11:14 | Moon Well |
| 11:33 | Ancient Protector |
| 11:38 | Ancient Protector |
| 11:43 | Ancient Protector |
| 11:56 | Dryad |
| 12:05 | Moon Well |
| 12:50 | Mountain Giant |
| 12:51 | Dryad |
| 13:10 | Glaive Thrower |
| 13:41 | Moon Well |
| 13:48 | Dryad |
| 13:49 | Reinforced Hides |
| 13:50 | Strength of the Wild |
| 13:51 | Ultravision |
| 14:18 | Dryad |
| 14:32 | Glaive Thrower |
| 14:42 | Moon Well |
| 14:49 | Wisp |
| 14:49 | Wisp |
| 15:11 | Dryad |
| 15:11 | Dryad |
| 16:22 | Glaive Thrower |
| 16:26 | Thorns Aura |
| Right click | 461 |
| Select | 165 |
| Build/train/purchase | 74 |
| Select group | 72 |
| Assign group | 58 |
| Use ability | 12 |
| Remove unit | 2 |
| Minimap ping | 1 |


| Scroll of Regeneration | 2 | 200 |
| Scroll of Town Portal | 1 | 350 |
| total: | 3 | 550g |
| Peasant | 24 | 1800 | / | 0 |
| Footman | 7 | 945 | / | 0 |
| Knight | 26 | 6370 | / | 1560 |
| Spell Breaker | 3 | 645 | / | 90 |
| Priest | 1 | 135 | / | 10 |
| total: | 61 | 9895g | / | 1660w |
| Scout Tower | 3 | 90 | / | 60 |
| Guard Tower | 2 | 140 | / | 100 |
| Arcane Tower | 1 | 70 | / | 50 |
| Farm | 13 | 1040 | / | 260 |
| Barracks | 2 | 320 | / | 120 |
| Altar of Kings | 1 | 180 | / | 50 |
| Arcane Vault | 1 | 130 | / | 30 |
| Lumber Mill | 1 | 120 | / | 0 |
| Town Hall | 1 | 385 | / | 205 |
| Blacksmith | 1 | 140 | / | 60 |
| Arcane Sanctum | 1 | 150 | / | 140 |
| Keep | 1 | 320 | / | 210 |
| Castle | 1 | 360 | / | 210 |
| total: | 24 | 2555g | / | 925w |
| 0:03 | Peasant |
| 0:03 | Peasant |
| 0:03 | Peasant |
| 0:03 | Peasant |
| 0:04 | Peasant |
| 0:04 | Peasant |
| 0:09 | Peasant |
| 0:27 | Farm |
| 0:37 | Barracks |
| 1:05 | Altar of Kings |
| 1:16 | Farm |
| 1:34 | Peasant |
| 1:38 | Footman |
| 1:46 | Footman |
| 2:01 | Footman |
| 2:08 | Farm |
| 2:39 | Keep |
| 2:52 | Footman |
| 3:04 | Farm |
| 3:15 | Holy Light |
| 3:17 | Footman |
| 3:33 | Footman |
| 3:48 | Farm |
| 4:06 | Footman |
| 4:18 | Arcane Vault |
| 4:31 | Lumber Mill |
| 5:09 | Peasant |
| 5:09 | Peasant |
| 5:53 | Castle |
| 6:04 | Storm Bolt |
| 6:20 | Town Hall |
| 6:28 | Divine Shield |
| 6:42 | Defend |
| 7:56 | Barracks |
| 7:59 | Peasant |
| 7:59 | Peasant |
| 7:59 | Peasant |
| 8:00 | Peasant |
| 8:04 | Scout Tower |
| 8:25 | Blacksmith |
| 8:27 | Peasant |
| 8:27 | Peasant |
| 8:27 | Peasant |
| 8:40 | Guard Tower |
| 8:44 | Scout Tower |
| 8:50 | Holy Light |
| 9:11 | Farm |
| 9:14 | Guard Tower |
| 9:21 | Scout Tower |
| 9:34 | Improved Masonry |
| 9:35 | Improved Lumber Harvesting |
| 9:44 | Knight |
| 9:45 | Animal War Training |
| 10:00 | Bash |
| 10:05 | Arcane Tower |
| 10:10 | Farm |
| 10:37 | Arcane Sanctum |
| 10:41 | Sundering Blades |
| 10:49 | Knight |
| 10:54 | Farm |
| 10:57 | Peasant |
| 10:57 | Peasant |
| 11:05 | Peasant |
| 11:05 | Peasant |
| 11:06 | Peasant |
| 11:06 | Peasant |
| 11:06 | Peasant |
| 11:37 | Farm |
| 11:44 | Knight |
| 11:45 | Iron Plating |
| 11:59 | Farm |
| 12:00 | Spell Breaker |
| 12:00 | Spell Breaker |
| 12:07 | Magic Sentry |
| 13:06 | Knight |
| 13:06 | Knight |
| 13:06 | Knight |
| 13:28 | Knight |
| 13:28 | Knight |
| 13:28 | Knight |
| 13:57 | Spell Breaker |
| 14:01 | Scroll of Regeneration |
| 14:40 | Farm |
| 14:44 | Farm |
| 15:16 | Knight |
| 15:16 | Knight |
| 16:12 | Knight |
| 16:12 | Knight |
| 16:13 | Knight |
| 16:13 | Knight |
| 16:31 | Scroll of Regeneration |
| 17:08 | Scroll of Town Portal |
| 17:10 | Knight |
| 17:10 | Knight |
| 17:15 | Priest |
| 18:47 | Knight |
| 18:47 | Knight |
| 19:41 | Knight |
| 19:42 | Knight |
| 20:13 | Iron Forged Swords |
| 20:23 | Farm |
| 20:46 | Knight |
| 20:46 | Knight |
| 21:23 | Knight |
| 21:23 | Knight |
| 21:23 | Knight |
| 21:34 | Divine Shield |
| Select group | 1368 |
| Right click | 767 |
| Select | 382 |
| Build/train/purchase | 91 |
| Assign group | 27 |
| Use ability | 24 |
| Minimap ping | 24 |
| Misc. action | 6 |
63 units @ 6.6k
/ 0.5k
188 buildings @ 10.4k
/ 5k



x1)
| Scroll of Regeneration | 2 | 200 |
| Staff of Sanctuary | 3 | 750 |
| Orb of Fire | 1 | 325 |
| Boots of Speed | 3 | 750 |
| Staff of Teleportation | 3 | 450 |
| Tome of Retraining | 1 | 300 |
| Orb of Corruption | 2 | 750 |
| Talisman of Evasion | 1 | 300 |
| total: | 16 | 3825g |
| Peasant | 18 | 1350 | / | 0 |
| Goblin Zeppelin | 1 | 240 | / | 60 |
| total: | 19 | 1590g | / | 60w |
| Scout Tower | 58 | 1740 | / | 1160 |
| Arcane Tower | 5 | 350 | / | 250 |
| Guard Tower | 31 | 2170 | / | 1550 |
| Altar of Kings | 1 | 180 | / | 50 |
| Lumber Mill | 1 | 120 | / | 0 |
| Farm | 3 | 240 | / | 60 |
| Arcane Vault | 4 | 520 | / | 120 |
| Town Hall | 1 | 385 | / | 205 |
| Arcane Sanctum | 1 | 150 | / | 140 |
| Keep | 1 | 320 | / | 210 |
| Castle | 1 | 360 | / | 210 |
| total: | 69 | 3335g | / | 1735w |
| 0:01 | Peasant |
| 0:03 | Altar of Kings |
| 0:08 | Peasant |
| 0:18 | Lumber Mill |
| 0:21 | Peasant |
| 0:30 | Peasant |
| 0:39 | Farm |
| 0:52 | Peasant |
| 1:07 | Peasant |
| 1:16 | Farm |
| 1:22 | Peasant |
| 1:36 | Peasant |
| 1:38 | Scout Tower |
| 1:47 | Peasant |
| 1:52 | Improved Masonry |
| 1:54 | Scout Tower |
| 2:04 | Arcane Tower |
| 2:06 | Peasant |
| 2:11 | Summon Water Elemental |
| 2:15 | Scout Tower |
| 2:19 | Scout Tower |
| 2:31 | Peasant |
| 2:32 | Guard Tower |
| 2:39 | Peasant |
| 2:57 | Peasant |
| 3:00 | Scout Tower |
| 3:01 | Guard Tower |
| 3:21 | Peasant |
| 3:28 | Guard Tower |
| 3:29 | Scout Tower |
| 3:30 | Scout Tower |
| 3:42 | Keep |
| 4:07 | Guard Tower |
| 4:08 | Arcane Tower |
| 4:11 | Arcane Vault |
| 4:32 | Guard Tower |
| 4:34 | Scout Tower |
| 4:34 | Scout Tower |
| 5:02 | Guard Tower |
| 5:04 | Farm |
| 5:31 | Scout Tower |
| 5:31 | Scout Tower |
| 5:32 | Guard Tower |
| 5:47 | Brilliance Aura |
| 6:03 | Guard Tower |
| 6:04 | Advanced Masonry |
| 6:08 | Improved Lumber Harvesting |
| 6:21 | Boots of Speed |
| 6:21 | Staff of Teleportation |
| 6:30 | Scout Tower |
| 6:31 | Scout Tower |
| 6:59 | Storm Bolt |
| 7:27 | Boots of Speed |
| 7:43 | Scroll of Regeneration |
| 7:44 | Guard Tower |
| 8:04 | Guard Tower |
| 8:06 | Scout Tower |
| 8:07 | Scout Tower |
| 8:08 | Scout Tower |
| 8:09 | Castle |
| 8:46 | Guard Tower |
| 8:50 | Town Hall |
| 8:54 | Scout Tower |
| 8:55 | Scout Tower |
| 8:56 | Scout Tower |
| 8:56 | Scout Tower |
| 8:56 | Scout Tower |
| 8:57 | Scout Tower |
| 8:57 | Scout Tower |
| 8:58 | Scout Tower |
| 8:59 | Scout Tower |
| 9:00 | Scout Tower |
| 9:33 | Goblin Zeppelin |
| 9:44 | Guard Tower |
| 9:45 | Scout Tower |
| 9:53 | Summon Water Elemental |
| 9:55 | Bash |
| 10:27 | Talisman of Evasion |
| 11:10 | Imbued Masonry |
| 11:12 | Guard Tower |
| 11:13 | Arcane Tower |
| 11:14 | Guard Tower |
| 11:14 | Peasant |
| 11:14 | Peasant |
| 11:15 | Peasant |
| 11:52 | Guard Tower |
| 11:56 | Arcane Vault |
| 11:58 | Scout Tower |
| 11:59 | Scout Tower |
| 11:59 | Scout Tower |
| 11:59 | Scout Tower |
| 12:08 | Holy Light |
| 12:12 | Advanced Lumber Harvesting |
| 12:14 | Scout Tower |
| 12:15 | Scout Tower |
| 12:15 | Scout Tower |
| 12:17 | Arcane Vault |
| 12:20 | Staff of Sanctuary |
| 12:25 | Boots of Speed |
| 12:26 | Staff of Teleportation |
| 12:38 | Tome of Retraining |
| 12:38 | Retrain Hero |
| 12:40 | Blizzard |
| 12:40 | Brilliance Aura |
| 12:48 | Scout Tower |
| 12:48 | Scout Tower |
| 12:49 | Scout Tower |
| 12:49 | Scout Tower |
| 12:50 | Scout Tower |
| 12:50 | Scout Tower |
| 12:53 | Arcane Tower |
| 13:17 | Scout Tower |
| 13:18 | Scout Tower |
| 13:19 | Guard Tower |
| 14:03 | Guard Tower |
| 14:04 | Scout Tower |
| 14:04 | Scout Tower |
| 14:50 | Guard Tower |
| 15:23 | Guard Tower |
| 15:27 | Peasant |
| 15:30 | Scout Tower |
| 15:30 | Scout Tower |
| 15:32 | Guard Tower |
| 15:34 | Scout Tower |
| 15:35 | Scout Tower |
| 15:43 | Guard Tower |
| 15:46 | Scout Tower |
| 15:46 | Scout Tower |
| 16:08 | Guard Tower |
| 16:09 | Scout Tower |
| 16:10 | Scout Tower |
| 16:12 | Guard Tower |
| 16:17 | Guard Tower |
| 16:22 | Guard Tower |
| 16:41 | Brilliance Aura |
| 16:46 | Guard Tower |
| 16:47 | Scout Tower |
| 17:00 | Guard Tower |
| 17:01 | Guard Tower |
| 17:02 | Scout Tower |
| 17:03 | Scout Tower |
| 17:04 | Scout Tower |
| 17:08 | Staff of Teleportation |
| 17:15 | Scout Tower |
| 17:16 | Scout Tower |
| 17:18 | Arcane Tower |
| 17:24 | Arcane Sanctum |
| 17:37 | Guard Tower |
| 17:39 | Arcane Vault |
| 17:49 | Staff of Sanctuary |
| 18:02 | Storm Bolt |
| 18:06 | Orb of Fire |
| 18:21 | Orb of Corruption |
| 18:29 | Guard Tower |
| 18:36 | Orb of Corruption |
| 18:44 | Guard Tower |
| 19:13 | Staff of Sanctuary |
| 19:50 | Magic Sentry |
| 19:59 | Scroll of Regeneration |
| 21:10 | Divine Shield |
| Right click | 1108 |
| Select group | 497 |
| Assign group | 438 |
| Select | 362 |
| Build/train/purchase | 155 |
| Use ability | 81 |
| Misc. action | 33 |
| Item give/drop | 7 |
| Resource trade | 4 |
| Chat | 4 |
| Minimap ping | 3 |



| Rod of Necromancy | 2 | 300 |
| Ritual Dagger | 1 | 125 |
| Potion of Healing | 1 | 150 |
| Orb of Corruption | 2 | 750 |
| Staff of Teleportation | 3 | 450 |
| Boots of Speed | 2 | 500 |
| Staff of Sanctuary | 3 | 750 |
| Ring of Protection +5 | 1 | 600 |
| total: | 15 | 3625g |
| Acolyte | 8 | 600 | / | 0 |
| Ghoul | 9 | 1080 | / | 0 |
| Obsidian Statue | 2 | 400 | / | 70 |
| total: | 19 | 2080g | / | 70w |
| Altar of Darkness | 1 | 180 | / | 50 |
| Ziggurat | 3 | 450 | / | 150 |
| Crypt | 1 | 200 | / | 50 |
| Tomb of Relics | 6 | 780 | / | 180 |
| Necropolis | 1 | 225 | / | 0 |
| Graveyard | 1 | 215 | / | 0 |
| Slaughterhouse | 1 | 140 | / | 135 |
| Halls of the Dead | 1 | 320 | / | 210 |
| Black Citadel | 1 | 325 | / | 230 |
| total: | 14 | 2190g | / | 565w |
| 0:01 | Acolyte |
| 0:06 | Altar of Darkness |
| 0:11 | Ziggurat |
| 0:16 | Acolyte |
| 0:24 | Crypt |
| 0:31 | Acolyte |
| 1:09 | Tomb of Relics |
| 1:18 | Ziggurat |
| 1:26 | Ghoul |
| 1:27 | Ghoul |
| 1:47 | Ghoul |
| 2:07 | Death Coil |
| 2:17 | Rod of Necromancy |
| 2:19 | Ritual Dagger |
| 2:40 | Ghoul |
| 2:41 | Ghoul |
| 3:21 | Acolyte |
| 3:22 | Cannibalize |
| 4:00 | Necropolis |
| 4:09 | Acolyte |
| 4:14 | Ghoul |
| 4:25 | Halls of the Dead |
| 4:31 | Ghoul |
| 4:54 | Unholy Aura |
| 5:10 | Ghoul |
| 5:34 | Ghoul |
| 5:36 | Acolyte |
| 5:36 | Acolyte |
| 5:48 | Ziggurat |
| 5:50 | Acolyte |
| 6:49 | Black Citadel |
| 6:59 | Graveyard |
| 7:25 | Rod of Necromancy |
| 7:44 | Frost Nova |
| 8:36 | Staff of Teleportation |
| 8:41 | Boots of Speed |
| 9:11 | Slaughterhouse |
| 10:29 | Death Coil |
| 10:45 | Frost Armor |
| 10:57 | Ghoul Frenzy |
| 11:10 | Destroyer Form |
| 12:20 | Tomb of Relics |
| 12:21 | Tomb of Relics |
| 13:02 | Potion of Healing |
| 13:03 | Orb of Corruption |
| 13:06 | Tomb of Relics |
| 13:07 | Tomb of Relics |
| 13:31 | Staff of Teleportation |
| 13:32 | Boots of Speed |
| 14:14 | Silence |
| 14:36 | Orb of Corruption |
| 14:43 | Tomb of Relics |
| 14:47 | Obsidian Statue |
| 14:48 | Obsidian Statue |
| 15:52 | Staff of Teleportation |
| 16:24 | Frost Nova |
| 16:38 | Unholy Aura |
| 16:50 | Life Drain |
| 17:12 | Staff of Sanctuary |
| 18:05 | Ring of Protection +5 |
| 19:32 | Staff of Sanctuary |
| 20:37 | Staff of Sanctuary |
| Select | 912 |
| Right click | 873 |
| Select group | 337 |
| Resource trade | 114 |
| Assign group | 101 |
| Build/train/purchase | 69 |
| Use ability | 52 |
| Misc. action | 10 |
| Minimap ping | 8 |
| Item give/drop | 7 |
| Esc | 1 |



| Scroll of Regeneration | 1 | 100 |
| Potion of Healing | 3 | 450 |
| Potion of Mana | 1 | 200 |
| Staff of Sanctuary | 3 | 750 |
| Orb of Fire | 1 | 325 |
| Staff of Teleportation | 3 | 450 |
| Boots of Speed | 3 | 750 |
| Orb of Corruption | 2 | 750 |
| Amulet of Spell Shield | 1 | 600 |
| Pendant of Mana | 1 | 600 |
| total: | 19 | 4975g |
| Peasant | 18 | 1350 | / | 0 |
| Priest | 1 | 135 | / | 10 |
| Dragonhawk Rider | 3 | 600 | / | 90 |
| Goblin Shredder | 1 | 375 | / | 100 |
| Goblin Zeppelin | 2 | 480 | / | 120 |
| total: | 25 | 2940g | / | 320w |
| Scout Tower | 89 | 2670 | / | 1780 |
| Arcane Tower | 13 | 910 | / | 650 |
| Guard Tower | 58 | 4060 | / | 2900 |
| Altar of Kings | 1 | 180 | / | 50 |
| Farm | 5 | 400 | / | 100 |
| Lumber Mill | 1 | 120 | / | 0 |
| Arcane Vault | 4 | 520 | / | 120 |
| Town Hall | 1 | 385 | / | 205 |
| Blacksmith | 1 | 140 | / | 60 |
| Barracks | 1 | 160 | / | 60 |
| Arcane Sanctum | 1 | 150 | / | 140 |
| Gryphon Aviary | 1 | 140 | / | 150 |
| Keep | 1 | 320 | / | 210 |
| Castle | 1 | 360 | / | 210 |
| total: | 105 | 4865g | / | 2665w |
| 0:09 | Altar of Kings |
| 0:14 | Peasant |
| 0:14 | Peasant |
| 0:15 | Peasant |
| 0:31 | Farm |
| 0:37 | Peasant |
| 0:45 | Peasant |
| 1:01 | Peasant |
| 1:04 | Farm |
| 1:08 | Peasant |
| 1:15 | Scout Tower |
| 1:16 | Scout Tower |
| 1:19 | Lumber Mill |
| 1:21 | Peasant |
| 1:24 | Peasant |
| 1:42 | Arcane Tower |
| 1:44 | Scout Tower |
| 1:46 | Peasant |
| 2:05 | Peasant |
| 2:08 | Blizzard |
| 2:12 | Scout Tower |
| 2:13 | Scout Tower |
| 2:16 | Scout Tower |
| 2:17 | Peasant |
| 2:20 | Guard Tower |
| 2:51 | Guard Tower |
| 2:52 | Scout Tower |
| 2:53 | Scout Tower |
| 2:53 | Scout Tower |
| 2:54 | Arcane Tower |
| 2:56 | Scout Tower |
| 3:06 | Guard Tower |
| 3:16 | Improved Masonry |
| 3:18 | Peasant |
| 3:18 | Peasant |
| 3:43 | Guard Tower |
| 3:45 | Guard Tower |
| 3:46 | Scout Tower |
| 3:46 | Scout Tower |
| 3:47 | Scout Tower |
| 3:59 | Guard Tower |
| 4:03 | Arcane Vault |
| 4:18 | Keep |
| 4:27 | Scout Tower |
| 4:27 | Guard Tower |
| 4:54 | Brilliance Aura |
| 4:59 | Guard Tower |
| 5:04 | Scout Tower |
| 5:04 | Scout Tower |
| 5:04 | Scout Tower |
| 5:05 | Scout Tower |
| 5:10 | Guard Tower |
| 5:11 | Scout Tower |
| 5:13 | Scout Tower |
| 5:17 | Farm |
| 5:19 | Farm |
| 5:31 | Town Hall |
| 5:35 | Scout Tower |
| 5:43 | Scout Tower |
| 5:44 | Scout Tower |
| 5:44 | Scout Tower |
| 6:07 | Guard Tower |
| 6:10 | Arcane Tower |
| 6:11 | Scout Tower |
| 6:11 | Scout Tower |
| 6:16 | Staff of Teleportation |
| 6:18 | Boots of Speed |
| 6:28 | Arcane Tower |
| 6:30 | Scout Tower |
| 6:30 | Scout Tower |
| 7:13 | Scroll of Regeneration |
| 7:48 | Arcane Sanctum |
| 7:53 | Potion of Healing |
| 7:56 | Guard Tower |
| 7:59 | Scout Tower |
| 8:00 | Scout Tower |
| 8:01 | Scout Tower |
| 8:01 | Scout Tower |
| 8:04 | Scout Tower |
| 8:04 | Scout Tower |
| 8:04 | Scout Tower |
| 8:05 | Scout Tower |
| 8:11 | Guard Tower |
| 8:11 | Scout Tower |
| 8:12 | Scout Tower |
| 8:13 | Scout Tower |
| 8:13 | Scout Tower |
| 8:13 | Scout Tower |
| 8:14 | Scout Tower |
| 8:15 | Scout Tower |
| 8:15 | Scout Tower |
| 8:15 | Scout Tower |
| 8:16 | Scout Tower |
| 8:19 | Storm Bolt |
| 8:29 | Guard Tower |
| 8:30 | Guard Tower |
| 8:31 | Scout Tower |
| 8:32 | Scout Tower |
| 8:32 | Scout Tower |
| 8:35 | Scout Tower |
| 8:37 | Improved Lumber Harvesting |
| 8:37 | Advanced Lumber Harvesting |
| 8:39 | Peasant |
| 8:39 | Peasant |
| 8:40 | Peasant |
| 8:41 | Peasant |
| 8:55 | Boots of Speed |
| 8:57 | Blizzard |
| 9:08 | Guard Tower |
| 9:09 | Scout Tower |
| 9:18 | Magic Sentry |
| 9:37 | Goblin Shredder |
| 9:40 | Guard Tower |
| 9:41 | Guard Tower |
| 9:48 | Goblin Zeppelin |
| 10:30 | Guard Tower |
| 10:31 | Guard Tower |
| 10:32 | Scout Tower |
| 10:33 | Scout Tower |
| 10:33 | Scout Tower |
| 10:34 | Scout Tower |
| 10:34 | Scout Tower |
| 10:50 | Castle |
| 11:04 | Staff of Teleportation |
| 11:12 | Guard Tower |
| 11:13 | Scout Tower |
| 11:15 | Scout Tower |
| 11:15 | Scout Tower |
| 11:15 | Scout Tower |
| 11:16 | Guard Tower |
| 11:17 | Guard Tower |
| 11:17 | Guard Tower |
| 11:20 | Arcane Vault |
| 11:41 | Bash |
| 11:58 | Guard Tower |
| 11:58 | Guard Tower |
| 12:00 | Guard Tower |
| 12:00 | Guard Tower |
| 12:02 | Scout Tower |
| 12:02 | Scout Tower |
| 12:03 | Scout Tower |
| 12:03 | Scout Tower |
| 12:03 | Scout Tower |
| 12:04 | Scout Tower |
| 12:06 | Guard Tower |
| 12:06 | Guard Tower |
| 12:08 | Advanced Masonry |
| 12:10 | Priest |
| 12:10 | Priest Adept Training |
| 12:14 | Gryphon Aviary |
| 12:15 | Blacksmith |
| 12:16 | Barracks |
| 12:17 | Guard Tower |
| 12:23 | Guard Tower |
| 12:51 | Guard Tower |
| 13:02 | Guard Tower |
| 13:07 | Potion of Healing |
| 13:18 | Potion of Mana |
| 13:22 | Potion of Healing |
| 14:17 | Guard Tower |
| 14:18 | Scout Tower |
| 14:19 | Scout Tower |
| 14:21 | Scout Tower |
| 14:22 | Scout Tower |
| 14:23 | Scout Tower |
| 14:24 | Scout Tower |
| 14:24 | Scout Tower |
| 14:25 | Scout Tower |
| 14:25 | Scout Tower |
| 14:27 | Guard Tower |
| 14:41 | Guard Tower |
| 14:42 | Guard Tower |
| 14:43 | Scout Tower |
| 14:44 | Scout Tower |
| 14:44 | Scout Tower |
| 14:44 | Scout Tower |
| 14:47 | Imbued Masonry |
| 14:55 | Brilliance Aura |
| 15:10 | Arcane Vault |
| 15:13 | Orb of Corruption |
| 15:25 | Scout Tower |
| 15:25 | Scout Tower |
| 15:26 | Scout Tower |
| 15:34 | Guard Tower |
| 15:40 | Studded Leather Armor |
| 15:43 | Holy Light |
| 15:44 | Staff of Sanctuary |
| 15:49 | Orb of Fire |
| 15:58 | Amulet of Spell Shield |
| 16:01 | Pendant of Mana |
| 16:07 | Staff of Sanctuary |
| 16:23 | Storm Bolt |
| 16:48 | Boots of Speed |
| 17:09 | Arcane Tower |
| 17:09 | Arcane Tower |
| 17:12 | Scout Tower |
| 17:12 | Scout Tower |
| 17:12 | Scout Tower |
| 17:13 | Scout Tower |
| 17:16 | Goblin Zeppelin |
| 17:29 | Animal War Training |
| 17:34 | Farm |
| 17:35 | Reinforced Leather Armor |
| 17:38 | Guard Tower |
| 17:58 | Guard Tower |
| 18:01 | Arcane Vault |
| 18:14 | Staff of Teleportation |
| 18:33 | Staff of Sanctuary |
| 19:05 | Scout Tower |
| 19:06 | Scout Tower |
| 19:06 | Scout Tower |
| 19:43 | Dragonhawk Rider |
| 19:44 | Dragonhawk Rider |
| 19:44 | Dragonhawk Rider |
| 19:56 | Arcane Tower |
| 19:56 | Guard Tower |
| 20:13 | Arcane Tower |
| 20:14 | Arcane Tower |
| 20:39 | Orb of Corruption |
| 20:45 | Guard Tower |
| 20:50 | Arcane Tower |
| Right click | 1623 |
| Select | 669 |
| Select group | 234 |
| Build/train/purchase | 159 |
| Use ability | 90 |
| Chat | 72 |
| Assign group | 12 |
| Item give/drop | 12 |
| Misc. action | 8 |
| Minimap ping | 8 |
| Resource trade | 5 |
| Remove unit | 2 |
⇛